 Dungeon Crawl Stone Soup version 0.21-a0-404-g291f19a (webtiles) character file.

132 Monsterracer the Vexing (level 5, -4/60 HPs)
             Began as a Gnoll Arcane Marksman on Oct 29, 2017.
             Slain by Sigmund
             ... wielding a +4 scythe
              (7 damage)
             ... on level 3 of the Dungeon.
             The game lasted 00:05:08 (4157 turns).

Monsterracer the Vexing (Gnoll Arcane Marksman)     Turns: 4157, Time: 00:05:08

Health: -4/60      AC: 22    Str: 14    XL:     5   Next: 15%
Magic:  9/9        EV:  2    Int: 15    God:
Gold:   123        SH:  0    Dex: 15    Spells: 2/10 levels left

rFire    + . .     SeeInvis .   a - +0 hand crossbow
rCold    + . .     Gourm    .   (no shield)
rNeg     + + +     Faith    .   (armour currently unavailable)
rPois    +         Spirit   .   (helmet currently unavailable)
rElec    +         Reflect  .   (cloak currently unavailable)
rCorr    +         Harm     .   (gloves currently unavailable)
MR       .....     NoTele   +   (boots currently unavailable)
Stlth    ++........             (no amulet)
HPRegen  0.20/turn              l - ring of poison resistance {!d}
MPRegen  0.11/turn              (no ring)

@: tree-form, resistant
A: distributed training, strong nose
a: no special abilities


You were on level 3 of the Dungeon.
You were not hungry.
You were a tree.
You visited 1 branch of the dungeon, and saw 3 of its levels.

You collected 123 gold pieces.

Inventory:

Hand Weapons
 a - a +0 hand crossbow (weapon)
 b - a +0 quarterstaff
 x - a +0 war axe
Missiles
 d - 52 bolts (quivered)
Armour
 g - a cursed +0 ring mail (melded)
 t - a +0 chain mail
 w - a +0 helmet (melded)
Jewellery
 l - a ring of poison resistance (left branch) {!d}
Scrolls
 e - a scroll of identify {unknown}
 j - 2 scrolls of amnesia {unknown}
 m - 2 scrolls of remove curse {unknown}
 o - 2 scrolls of enchant weapon {unknown}
 r - 2 scrolls of noise {unknown}
 s - a scroll of teleportation {unknown}
Potions
 c - a potion of heal wounds {unknown}
 h - 2 potions of flight {unknown}
 k - a potion of resistance
 n - 2 potions of lignification
 p - a potion of mutation {unknown}
 q - 2 potions of haste
 u - 2 potions of curing {unknown}
 v - a potion of ambrosia {unknown}
Comestibles
 f - 6 bread rations
 i - 4 meat rations


   Skills:
 + Level 2.9 Fighting
 + Level 1.3 Short Blades
 + Level 1.3 Long Blades
 + Level 1.3 Axes
 + Level 1.3 Maces & Flails
 + Level 1.3 Polearms
 + Level 1.3 Staves
 + Level 1.3 Slings
 + Level 1.3 Bows
 + Level 4.7 Crossbows
 + Level 1.3 Throwing
 + Level 1.3 Armour
 + Level 4.7 Dodging
 + Level 1.3 Stealth
 + Level 1.3 Shields
 + Level 1.3 Unarmed Combat
 + Level 3.1 Spellcasting
 + Level 1.1 Conjurations
 + Level 5.5 Hexes
 + Level 1.1 Charms
 + Level 1.1 Summonings
 + Level 1.1 Necromancy
 + Level 1.1 Translocations
 + Level 1.1 Transmutations
 + Level 1.1 Fire Magic
 + Level 1.1 Ice Magic
 + Level 1.1 Air Magic
 + Level 1.1 Earth Magic
 + Level 1.1 Poison Magic
 + Level 1.5 Invocations
 + Level 1.3 Evocations


You had 2 spell levels left.
You knew the following spells:

 Your Spells              Type           Power        Failure   Level  Hunger
a - Corona                Hex            ###....      1%          1    #......
c - Portal Projectile     Hex/Tloc       ##....       16%         3    ###....
w - Cause Fear            Hex            ###.......   21%         4    #####..


Dungeon Overview and Level Annotations

Branches:
Dungeon (3/15)

Altars:

Annotations:
D:3 Sigmund


Innate Abilities, Weirdness & Mutations

Your experience applies equally to all skills.
((You have very sharp teeth.))
Your uncanny sense of smell can sniff out nearby items.


Message History

Firing (i - inventory):
d - 61 bolts (quivered)
Press: ? - help, Shift-Dir - straight line, f/p - Sigmund
Aim: Sigmund, wielding an enchanted scythe and wearing a robe (moderately wounded, softly glowing)
You shoot a bolt. The bolt barely misses Sigmund.
Sigmund misses you.
Firing (i - inventory):
d - 60 bolts (quivered)
Press: ? - help, Shift-Dir - straight line, f/p - Sigmund
Aim: Sigmund, wielding an enchanted scythe and wearing a robe (moderately wounded, softly glowing)
You shoot a bolt. The bolt barely misses Sigmund.
Sigmund points at you and mumbles some strange words.
You are confused.
MP restored: 9 Sigmund stops glowing.
Sigmund hits you with an enchanted scythe!
You take 8 damage, and have 32/40 hp.
b - a +0 quarterstaff (weapon)
Sigmund points at you and mumbles some strange words.
The puff of flame hits you!
You take 4 damage, and have 28/40 hp.
You feel less confused.
a - a +0 hand crossbow (weapon)
Sigmund closely misses you.
Firing (i - inventory):
d - 59 bolts (quivered)
Press: ? - help, Shift-Dir - straight line, f/p - Sigmund
Aim: Sigmund, wielding an enchanted scythe and wearing a robe (moderately wounded)
You shoot a bolt. The bolt hits Sigmund.
Sigmund is heavily wounded.
Firing (i - inventory):
d - 58 bolts (quivered)
Press: ? - help, Shift-Dir - straight line, f/p - Sigmund
Aim: Sigmund, wielding an enchanted scythe and wearing a robe (heavily wounded)
You shoot a bolt. The bolt hits Sigmund.
Sigmund is heavily wounded.
Sigmund closely misses you.
Firing (i - inventory):
d - 57 bolts (quivered)
Press: ? - help, Shift-Dir - straight line, f/p - Sigmund
Aim: Sigmund, wielding an enchanted scythe and wearing a robe (heavily wounded)
You shoot a bolt. The bolt hits Sigmund.
Sigmund is severely wounded.
Sigmund hits you but does no damage.
Firing (i - inventory):
d - 56 bolts (quivered)
Press: ? - help, Shift-Dir - straight line, f/p - Sigmund
Aim: Sigmund, wielding an enchanted scythe and wearing a robe (severely wounded)
You shoot a bolt. The bolt hits Sigmund!
Sigmund is almost dead.
Sigmund gestures wildly while chanting.
Sigmund flickers and vanishes!
Deactivating autopickup; reactivate with Ctrl-A.
Firing (i - inventory):
d - 55 bolts (quivered)
Press: ? - help, Shift-Dir - straight line You shoot a bolt.
Something hits you but does no damage.
Firing (i - inventory):
d - 54 bolts (quivered)
Press: ? - help, Shift-Dir - straight line You shoot a bolt.
Something barely misses you.
b - a +0 quarterstaff (weapon)
You hear some strange, mumbled words.
You are confused.
Unknown command.
You bump into the rock wall.
You hear some strange, mumbled words.
A puff of flame appears from out of thin air!
The puff of flame hits you!
You take 7 damage, and have 23/40 hp.
You bump into the rock wall.
You hear some strange, mumbled words.
A magic dart appears from out of thin air!
The magic dart hits you!
* * * LOW HITPOINT WARNING * * *
You take 4 damage, and have 19/40 hp.
Unknown command.
You're too confused to move!
You hear some strange, mumbled words.
A magic dart appears from out of thin air!
The magic dart hits you!
* * * LOW HITPOINT WARNING * * *
You take 3 damage, and have 16/40 hp.
Unknown command.
Something hits you.
* * * LOW HITPOINT WARNING * * *
You take 5 damage, and have 11/40 hp.
Unknown command.
It was a potion of resistance.
You feel protected.
You feel less confused. Something hits you!
* * * LOW HITPOINT WARNING * * *
You take 9 damage, and have 2/40 hp.
MASSIVE DAMAGE!!
It was a potion of lignification.
You turn into a tree.
Your +0 helmet melds into your body.
Your cursed +0 ring mail melds into your body.
Your roots penetrate the ground.
You now have 3/60 hp.
Okay, then.
a - a +0 hand crossbow (weapon)
Something hits you but does no damage.
Firing (i - inventory):
d - 53 bolts (quivered)
Press: ? - help, Shift-Dir - straight line, f - you Really target yourself?
Okay, then.
Firing (i - inventory):
d - 53 bolts (quivered)
Press: ? - help, Shift-Dir - straight line You shoot a bolt.
Something hits you!
You die...

#.#.#.###.##.########
#.#.....#.##.........
##########.#<..#.#............
†............†...>.....######.
###.######.#.#.#...###.# #.#
#.#.#.#)..# #.# #.#
#.#.#.#...# #.# .# #.#
#.#.#.#...# #.######..# #.#
#.#.#.#♣..###.........# #.#
#.#.#.#...#....)....... #.#
#.#.#.#{..#.......##### #+#
#+#...(...........#
.....(.#.#.###########
....(..#.#(......#
.......#.#######.# (......#.#
.......#.#


There were no monsters in sight!

Vanquished Creatures
  7 adders
  4 worms (D:2)
  A dart slug (D:2)
  An orc (D:3)
  2 ball pythons
  4 giant cockroaches
  8 hobgoblins
  A quokka (D:2)
  6 bats
  4 frilled lizards
  3 kobolds
  22 rats
63 creatures vanquished.

Notes
Turn   | Place    | Note
-------+----------+-------------------------------------------
     0 | D:1      | Monsterracer the Gnoll Arcane Marksman began the quest for the Orb.
     0 | D:1      | Reached XP level 1. HP: 17/17 MP: 4/4
   455 | D:1      | Reached XP level 2. HP: 13/23 MP: 5/5
   803 | D:2      | HP: 9/23 [worm (8)]
  1042 | D:2      | HP: 3/23 [worm (10)]
  1329 | D:2      | HP: 8/23 [worm (9)]
  1583 | D:2      | HP: 7/23 [worm (10)]
  2018 | D:2      | Reached XP level 3. HP: 21/28 MP: 7/7
  2055 | D:2      | Learned a level 3 spell: Portal Projectile
  2223 | D:2      | Reached skill level 1 in Invocations
  2255 | D:2      | HP: 11/28 [worm (9)]
  2466 | D:2      | Reached skill level 1 in Short Blades
  2466 | D:2      | Reached skill level 1 in Long Blades
  2466 | D:2      | Reached skill level 1 in Axes
  2466 | D:2      | Reached skill level 1 in Maces & Flails
  2466 | D:2      | Reached skill level 1 in Polearms
  2466 | D:2      | Reached skill level 1 in Staves
  2466 | D:2      | Reached skill level 1 in Slings
  2466 | D:2      | Reached skill level 1 in Bows
  2466 | D:2      | Reached skill level 1 in Throwing
  2466 | D:2      | Reached skill level 1 in Armour
  2466 | D:2      | Reached skill level 1 in Stealth
  2466 | D:2      | Reached skill level 1 in Shields
  2466 | D:2      | Reached skill level 1 in Unarmed Combat
  2466 | D:2      | Reached skill level 1 in Evocations
  2621 | D:2      | Reached XP level 4. HP: 27/34 MP: 8/8
  3102 | D:2      | Learned a level 4 spell: Cause Fear
  3433 | D:3      | HP: 17/34 [adder (3)]
  3437 | D:3      | Reached skill level 1 in Conjurations
  3437 | D:3      | Reached skill level 1 in Charms
  3437 | D:3      | Reached skill level 1 in Summonings
  3437 | D:3      | Reached skill level 1 in Necromancy
  3437 | D:3      | Reached skill level 1 in Translocations
  3437 | D:3      | Reached skill level 1 in Transmutations
  3437 | D:3      | Reached skill level 1 in Fire Magic
  3437 | D:3      | Reached skill level 1 in Ice Magic
  3437 | D:3      | Reached skill level 1 in Air Magic
  3437 | D:3      | Reached skill level 1 in Earth Magic
  3437 | D:3      | Reached skill level 1 in Poison Magic
  3440 | D:3      | HP: 14/34 [poisoned by an adder]
  3791 | D:3      | Reached XP level 5. HP: 29/40 MP: 9/9
  4125 | D:3      | Noticed Sigmund
  4151 | D:3      | HP: 19/40 [something/magic dart (4)]
  4154 | D:3      | HP: 2/40 [something (9)]
  4157 | D:3      | Slain by Sigmund

Vault maps used:
D:1:      dpeg_arrival_tiny_j, serial_forest, infiniplex_forest_end_3,
          infiniplex_forest_zigzag_1, infiniplex_forest_3_way,
          infiniplex_forest_clump_long, infiniplex_forest_zigzag_2,
          infiniplex_forest_clump_diagonal, infiniplex_forest_clump_curved
D:2:      minmay_rat_hole
D:3:      led_sif_book, uniq_natasha, uniq_sigmund

Skill      XL: |  1  2  3  4 |
---------------+-------------+-----
Invocations    | 1 |  1.5
Short Blades   | 1 |  1.3
Long Blades    | 1 |  1.3
Axes           | 1 |  1.3
Maces & Flails | 1 |  1.3
Polearms       | 1 |  1.3
Staves         | 1 |  1.3
Slings         | 1 |  1.3
Bows           | 1 |  1.3
Throwing       | 1 |  1.3
Armour         | 1 |  1.3
Stealth        | 1 |  1.3
Shields        | 1 |  1.3
Unarmed Combat | 1 |  1.3
Evocations     | 1 |  1.3
Spellcasting   | 3 |  3.1
Conjurations   | 1 |  1.1
Charms         | 1 |  1.1
Summonings     | 1 |  1.1
Necromancy     | 1 |  1.1
Translocations | 1 |  1.1
Transmutations | 1 |  1.1
Fire Magic     | 1 |  1.1
Ice Magic      | 1 |  1.1
Air Magic      | 1 |  1.1
Earth Magic    | 1 |  1.1
Poison Magic   | 1 |  1.1
Fighting       | |  2.9
Crossbows      | |  4.7
Dodging        | |  4.7
Hexes          | |  5.5

Action                   |  1- 3 |  4- 6 || total
-------------------------+-------+-------++-------
Melee: Club              |    15 |       ||    15
       Short sword       |    53 |       ||    53
       Quarterstaff      |    52 |   113 ||   165
       Bite              |    15 |    14 ||    29
 Fire: Hand crossbow     |     4 |    12 ||    16
 Cast: Corona            |       |     1 ||     1
  Use: Potion            |       |     2 ||     2
  Eat: Chunk             |     5 |     5 ||    10
Armor: Robe              |     5 |       ||     5
       Ring mail         |    24 |    33 ||    57
       Skin              |       |     1 ||     1
Dodge: Dodged            |    86 |    96 ||   182

Table legend:
 A = Spawn XP
 B = Non-spawn XP
 C = Spawn XP percentage of total XP
 D = Spawn monster count
 E = Non-spawn monster count
 F = Spawn count percentage of total count
 G = Total turns spent on level
                    A         B        C        D         E        F      G
               +---------+---------+-------+---------+---------+-------+---------
         Total |       0 |     189 |   0.0 |       0 |      63 |   0.0 |  4157
               +---------+---------+-------+---------+---------+-------+---------
           D:1 |       0 |      16 |   0.0 |       0 |      11 |   0.0 |  1482
           D:2 |       0 |     107 |   0.0 |       0 |      41 |   0.0 |  1933
           D:3 |       0 |      66 |   0.0 |       0 |      11 |   0.0 |   742
               +---------+---------+-------+---------+---------+-------+---------

Vault maps used:
D:1:      dpeg_arrival_tiny_j, serial_forest, infiniplex_forest_end_3,
          infiniplex_forest_zigzag_1, infiniplex_forest_3_way,
          infiniplex_forest_clump_long, infiniplex_forest_zigzag_2,
          infiniplex_forest_clump_diagonal, infiniplex_forest_clump_curved
D:2:      minmay_rat_hole
D:3:      led_sif_book, uniq_natasha, uniq_sigmund
